 Dungeon Crawl Stone Soup version 0.30-a0-652-gcc886f7154 (webtiles) character file.

Game seed: 1913384798976997780

91 ryw the Shield-Bearer (level 4, -3/29 HPs)
             Began as a Gargoyle Fighter on Jan 18, 2023.
             Slain by an ogre
             ... wielding a +0 giant club
              (15 damage)
             ... on level 3 of the Dungeon.
             The game lasted 00:02:51 (1397 turns).

ryw the Shield-Bearer (Gargoyle Fighter)            Turns: 1397, Time: 00:02:51

Health: -3/29      AC: 13    Str: 22    XL:     4   Next: 57%
Magic:  4/4        EV:  9    Int:  8    God:
Gold:   85         SH:  4    Dex:  9    Spells: 3/3 levels left

rFire   . . .      SeeInvis .    a - +0 war axe (heavy)
rCold   . . .      Faith    .    c - +0 buckler
rNeg    + . .      Spirit   .    b - +0 scale mail
rPois   ∞          Reflect  .    p - +0 helmet
rElec   +          Harm     .    (no cloak)
rCorr   .          Rampage  .    (no gloves)
Will    .....                    l - +0 pair of boots Stlth
                                 r - amulet of regeneration
HPRegen 1.04/turn                n - ring of flight
MPRegen 0.09/turn                (no ring)

@: flying
A: sickness immunity, AC +3, negative energy resistance 1, electricity
resistance, torment resistance 1, petrification resistance
a: no special abilities


You were on level 3 of the Dungeon.
You visited 1 branch of the dungeon, and saw 3 of its levels.

You collected 85 gold pieces.

Inventory:

Hand Weapons
 a - a +0 heavy war axe (weapon)
 t - a +1 spear of pain
Missiles
 m - 10 boomerangs (quivered)
 x - 2 javelins
Armour
 b - a +0 scale mail (worn)
 c - a +0 buckler (worn)
 l - a +0 pair of boots (worn)
 p - a +0 helmet (worn)
Magical Staves
 u - a staff of fire
Jewellery
 h - an amulet of guardian spirit
 n - a ring of flight (left hand)
 r - an amulet of regeneration (around neck)
Wands
 k - a wand of roots (9)
Scrolls
 e - 2 scrolls of teleportation {unknown}
 w - 2 scrolls of poison
Potions
 d - 2 potions of might
 f - 2 potions of magic
 g - a potion of degeneration {unknown}
 i - 2 potions of curing {unknown}
 j - 2 potions of attraction
 o - a potion of lignification {unknown}
 s - a potion of haste {unknown}
 v - a potion of heal wounds {unknown}


   Skills:
 - Level 4.0 Fighting
 - Level 2.0 Axes
 - Level 4.0 Armour
 + Level 1.4 Dodging
 - Level 4.0 Shields


You had 3 spell levels left.
You didn't know any spells.
Your spell library was empty.

Dungeon Overview and Level Annotations

Branches:
Dungeon (3/15)

Altars:
Uskayaw

Shops:
D:1 *   D:3 [


Innate Abilities, Weirdness & Mutations

You are immune to sickness and miasma.
Your stone body is resilient. (AC +3)
You are immune to poison.
You resist negative energy. (rN+)
You are resistant to electric shocks. (rElec)
You are resistant to unholy torment.
You are immune to petrification.


Message History

Found 4 stones.
You reach down and open the door.
There is an open door here.
You see here 4 stones.
You reach down and open the door.
There is an open door here.
k - a wand of roots (9)
A gnoll comes into view. It is wielding a +0 flail.
The gnoll throws a throwing net.
The throwing net barely misses you.
You see here a throwing net.
An ogre comes into view. It is wielding a +0 giant club.
A gnoll comes into view. It is wielding a +0 whip.
You closely miss the gnoll.
The gnoll shouts!
You block the gnoll's attack. The gnoll hits you but does no damage.
You slash the ogre!
The ogre is moderately wounded.
You hit the gnoll. The gnoll hits you but does no damage.
The ogre barely misses you.
An adder comes into view.
A gnoll comes into view. It is wielding a +3 spear.
The gnoll closely misses you. The ogre hits you with a +0 giant club!
The gnoll hits you with a +0 flail.
The adder moves out of view.
The gnoll shouts!
You barely miss the ogre.
The ogre is moderately wounded.
You closely miss the gnoll.
You hear an angry hiss.
The gnoll hits you but does no damage. The gnoll hits you with a +0 flail.
The ogre barely misses you.
The gnoll hits you from afar with a +3 spear!
* * * LOW HITPOINT WARNING * * *
The gnoll closely misses you.
You are too injured to fight recklessly!
Unknown command.
You barely miss the ogre.
The ogre is moderately wounded.
The ogre hits you with a +0 giant club!
Ouch! That really hurt!
You die...

# #.#### ....... #.
#(# ........
#.###'####
.........#........#
.....S............#
.........#........#
...^... #.........#
......g#######....#
........#@........#
......ggO#.....####
....##.........#
### ####.(###.#
#.## #.# ...# #+#
.....# .......#
.......#


You could see an ogre and 2 gnolls.

Vanquished Creatures
  4 adders
  A worm (D:3)
  An orc (D:3)
  2 bats
  5 endoplasms
  2 giant cockroaches
  6 hobgoblins
  4 jackals (D:2)
  2 quokkas
  3 ball pythons
  A frilled lizard (D:3)
  3 goblins
  7 kobolds
  6 rats
47 creatures vanquished.

Notes
Turn   | Place    | Note
-------+----------+-------------------------------------------
     0 | D:1      | ryw the Gargoyle Fighter began the quest for the Orb.
     0 | D:1      | Reached XP level 1. HP: 14/14 MP: 1/1
   101 | D:1      | Found Johaodeo's Assorted Antiques.
   125 | D:1      | Reached XP level 2. HP: 19/19 MP: 2/2
   668 | D:2      | Reached XP level 3. HP: 19/23 MP: 3/3
   950 | D:2      | Reached skill level 1 in Dodging
  1180 | D:3      | Found Hugiw's Armour Emporium.
  1207 | D:3      | Reached XP level 4. HP: 29/29 MP: 4/4
  1306 | D:3      | Found a hide-covered altar of Uskayaw.
  1306 | D:3      | Noticed a +0 short sword
  1306 | D:3      | Noticed a +0 spear
  1306 | D:3      | Noticed a +0 spear
  1306 | D:3      | Noticed a +0 short sword
  1307 | D:3      | Noticed a +0 falchion
  1308 | D:3      | Noticed a +0 falchion
  1308 | D:3      | Noticed a +0 dagger
  1309 | D:3      | Noticed a +0 dagger
  1335 | D:3      | Found a faded altar of an unknown god.
  1390 | D:3      | Noticed an ogre
  1397 | D:3      | Slain by an ogre

Illustrated notes

Levels and vault maps discovered:
D:1:      dpeg_arrival_water_temple_mockup, layout_rooms, serial_shops, shop
D:2:      layout_basic, corexii_shack, grunt_ministairs_3
D:3:      layout_basic, nicolae_uskayaw_en_pointe, gammafunk_ghost_split,
          basic_ecumenical_altar, serial_shops, shop,
          nicolae_shop_advertising_works [nicolae_subvault_shop_adworks]

Skill      XL: |  1  2  3  4 |
---------------+-------------+-----
Axes           | 2 |  2.0
Dodging        | 1 |  1.4
Shields        | 4 |  4.0
Fighting       | 4 |  4.0
Armour         | 4 |  4.0

Action                   |  1- 3 |  4- 6 || total
-------------------------+-------+-------++-------
Melee: War axe           |    78 |    30 ||   108
  Use: Scroll            |     6 |       ||     6
Armor: Scale mail        |    51 |    26 ||    77
Dodge: Dodged            |    41 |    28 ||    69
Block: Buckler           |    16 |    13 ||    29

Table legend: (Time is in decaauts)
 A = Elapsed time spent in this place.
 B = Non-inter-level travel time spent in this place.
 C = Inter-level travel time spent in this place.
 D = Time resting spent in this place.
 E = Time spent auto-exploring this place.
 F = Levels seen in this place.
 G = Mean time per level.
                   A        B        C        D        E       F      G
               +--------+--------+--------+--------+--------+-----+--------+
         Total |   1467 |   1423 |     44 |    100 |    953 |   3 |  489.0 |
       Dungeon |   1467 |   1423 |     44 |    100 |    953 |   3 |  489.0 |
               +--------+--------+--------+--------+--------+-----+--------+

Top non-repeatable levels by time:
     D:2: 695 daAuts
     D:1: 514 daAuts
     D:3: 257 daAuts
